 Dungeon Crawl Stone Soup version 0.24-a0-264-gf46a388 (webtiles) character file.

Game seed: 8519350044123767154

9179 tatocazan the Transmogrifier (level 11, -1/92 HPs)
             Began as a Demigod Transmuter on Apr 21, 2019.
             Killed by divine providence
             ... invoked by an orc priest
              (13 damage)
             ... on level 12 of the Dungeon.
             The game lasted 00:31:30 (15224 turns).

tatocazan the Transmogrifier (Demigod Transmuter)  Turns: 15224, Time: 00:31:30

Health: -1/92      AC:  7    Str: 13    XL:     11   Next: 0%
Magic:  24/25      EV: 20    Int: 23    God:
Gold:   672        SH:  0    Dex: 21    Spells: 7/23 levels left

rFire    . . .     SeeInvis +     - Unarmed
rCold    . . .     Gourm    .   (shield currently unavailable)
rNeg     . . .     Faith    .   (armour currently unavailable)
rPois    x         Spirit   .   (helmet currently unavailable)
rElec    .         Reflect  .   (cloak currently unavailable)
rCorr    .         Harm     .   (gloves currently unavailable)
MR       +....                  (boots currently unavailable)
Stlth    ++........             (no amulet)
HPRegen  0.25/turn              w - ring of see invisible
MPRegen  0.19/turn              i - +5 ring of protection

@: spider-form
A: tiny, high mp 1
a: End Transformation


You were on level 12 of the Dungeon.
You were not hungry.
You were a venomous arachnid creature.
You visited 1 branch of the dungeon, and saw 13 of its levels.

You collected 672 gold pieces.

Inventory:

Missiles
 x - 135 arrows
Armour
 a - a +3 shield
 b - a +0 robe (melded)
 c - a scarf of resistance (melded)
 l - a +0 pair of gloves (melded)
 m - a +0 helmet (melded)
 P - the +1 leather armour of Lugonu's Benevolence {+Blink rPois}
   (You found it on level 9 of the Dungeon)

   It protects you from poison.
   It lets you blink.
Jewellery
 e - an uncursed ring of poison resistance
 i - a +5 ring of protection (right front leg)
 u - an uncursed ring of protection from magic
 w - a ring of see invisible (left front leg)
 H - the ring "Zisoriun" {+Fly rElec rF+ EV+1 Int-2}
   (You found it on level 7 of the Dungeon)

   [ring of evasion]

   It affects your evasion (+1).
   It affects your intelligence (-2).
   It protects you from fire.
   It insulates you from electricity.
   It lets you fly.
 M - a +2 ring of strength {unknown}
Wands
 d - a wand of scattershot (9)
 y - a wand of paralysis (17)
 z - a wand of enslavement (6)
 D - a wand of digging (6)
 J - a wand of flame (17)
 K - a wand of acid (3)
 O - a wand of polymorph (8)
Scrolls
 f - a scroll of identify
 g - 3 scrolls of enchant weapon
 j - a scroll of random uselessness {unknown}
 k - 2 scrolls of enchant armour
 p - a scroll of fog
 v - 4 scrolls of remove curse
 E - 2 scrolls of teleportation
 G - a scroll of holy word {unknown}
 I - a scroll of brand weapon {unknown}
 L - a scroll of torment {unknown}
 Q - a scroll of amnesia
Potions
 h - 2 potions of heal wounds
 n - a potion of might
 o - a potion of magic
 q - 2 potions of brilliance
 s - a potion of resistance {unknown}
 A - 2 potions of cancellation
 B - a potion of flight
 C - a potion of curing
 F - a potion of agility {unknown}
Comestibles
 t - 11 rations


   Skills:
 + Level 7.0 Fighting
 - Level 2.0 Dodging
 + Level 1.4 Shields
 + Level 7.6 Unarmed Combat
 + Level 6.6 Spellcasting
 * Level 10.1 Transmutations
 + Level 1.4 Ice Magic
 - Level 2.0 Poison Magic


You had 7 spell levels left.
You knew the following spells:

 Your Spells              Type           Power        Failure   Level  Hunger
a - Beastly Appendage     Tmut           ######       1%          1    None
b - Sticks to Snakes      Tmut           ######..     2%          2    None
c - Spider Form           Tmut/Pois      #####.....   8%          3    None
d - Blade Hands           Tmut           ######....   12%         5    #####..
e - Ice Form              Ice/Tmut       ####....     21%         4    ###....
f - Shock                 Conj/Air       #...         22%         1    None

Your spell library contained the following spells:

 Spells                   Type           Power        Failure   Level  Hunger
 Swiftness                Chrm/Air       #.......     28%         2    None
 Static Discharge         Conj/Air       #.......     45%         3    None
 Airstrike                Air            #.........   82%         4    ###....
 Lightning Bolt           Conj/Air       #.........   98%         5    #####..


Dungeon Overview and Level Annotations

Branches:
Dungeon (13/15)            Temple (0/1) D:7
   Lair: D:8-11         Orc: D:9-12      Vaults: D:13-14

Shops:
D:6 (

Annotations:
D:6 1 runed translucent door, 1 exclusion
D:9 3 runed translucent doors, sleeves's ghost, journeyman HuAr


Innate Abilities, Weirdness & Mutations

You have an increased reservoir of magic. (+10% MP)


Message History

You have reached level 11!
You regained 5 hp, and now have 56/92 hp.
A fire dragon comes into view.
A bullfrog skeleton comes into view.
An iguana comes into view.
The fire dragon breathes flames at you. The blast of flame hits you!!!
Ouch! That really hurt!
* * * LOW HITPOINT WARNING * * *
The orc shouts!
You hear an angry hiss.
You hear a shout!
You hear a croak.
You hear a shout!
You hear an angry hiss.
You take 47 damage, and have 11/92 hp.
MASSIVE DAMAGE!!
Really crawl into that teleport trap?
You enter a teleport trap!
The teleport trap disappears.
Your surroundings suddenly seem different.
The orc priest shouts!
You hear a croak.
A bullfrog comes into view.
The orc priest looks encouraged for a moment.
The orc priest mumbles some strange prayers to Beogh against you.
Beogh smites you!
You die...

#. .##..###...# ..
... .Z.........# # .#
.. .#Z..#....# ..
.#.F ..#...#...# ...
.#. #...#.oD#..# .
..#.. #..o#...#...#
...#...#...#...#....#
#....o.......l. ....#
#.s.# ..# ..#..#
#...#...# .#...#
#...#% .#... ###
..#.. #. .# . .$. #..
.#o #. .# ... #. ....
.. .. ... # .# .. #.
. ... ##...#...#. #.
... .... #o.. ..?


You could see a bullfrog, an iguana, 2 orc priests, an orc wizard and a bullfrog
skeleton.

Vanquished Creatures
  3 two-headed ogres
  Pikel (D:5)
  An ugly thing (D:12)
  Maurice (D:8)
  2 centaur skeletons
  Grinder (D:5)
  3 hippogriffs
  A spriggan (D:9)
  A wyvern (D:9)
  5 yaks
  6 orc warriors
  2 slaves
  2 ice beasts
  3 sky beasts
  2 necrophages
  3 ogres
  A phantom (D:5)
  3 centaurs
  2 big kobolds
  4 bullfrogs
  Blork the orc (D:5)
  2 scorpions
  A water moccasin skeleton (D:5)
  6 killer bees (D:9)
  A howler monkey (D:6)
  2 bullfrog zombies
  3 crimson imps
  A centaur zombie (D:9)
  3 hounds
  4 orc priests
  2 bullfrog skeletons
  9 orc wizards
  2 iguanas
  3 worker ants
  A hound skeleton (D:7)
  A howler monkey zombie (D:6)
  A worker ant zombie (D:8)
  Robin (D:2)
  3 gnolls
  9 adders
  A river rat (D:5)
  An ooze (D:3)
  3 worms (D:2)
  3 dart slugs (D:1)
  3 leopard geckos
  40 orcs
  2 ball pythons (D:5)
  9 giant cockroaches
  18 goblins
  11 hobgoblins
  4 jackals (D:2)
  21 kobolds
  5 quokkas
  8 bats
  5 frilled lizards
  A jackal skeleton (D:6)
  A quokka zombie (D:6)
  9 rats
248 creatures vanquished.

Vanquished Creatures (collateral kills)
  An orc (D:3)
  A hobgoblin (D:1)
  3 kobolds (D:1)
  A goblin (D:1)
6 creatures vanquished.

Vanquished Creatures (others)
  A yak (D:9)
1 creature vanquished.

Grand Total: 255 creatures vanquished

Notes
Turn   | Place    | Note
-------+----------+-------------------------------------------
     0 | D:1      | tatocazan the Demigod Transmuter began the quest for the
                  | Orb.
     0 | D:1      | Reached XP level 1. HP: 15/15 MP: 5/5
    65 | D:1      | Reached skill level 1 in Fighting
   649 | D:1      | Reached skill level 2 in Transmutations
   649 | D:1      | Reached XP level 2. HP: 11/23 MP: 5/7
   811 | D:1      | Learned a level 2 spell: Sticks to Snakes
  1239 | D:1      | Reached XP level 3. HP: 20/28 MP: 8/8
  1764 | D:2      | Noticed Robin
  2387 | D:2      | Killed Robin
  2387 | D:2      | Reached XP level 4. HP: 33/36 MP: 3/10
  3186 | D:2      | Found a stormy altar of Qazlal.
  3231 | D:2      | Reached skill level 3 in Transmutations
  3512 | D:2      | Learned a level 3 spell: Spider Form
  4030 | D:3      | Found an ancient bone altar of Kikubaaqudgha.
  4617 | D:3      | Reached XP level 5. HP: 30/41 MP: 11/11
  5382 | D:4      | Found a radiant altar of Vehumet.
  5531 | D:4      | Noticed a hungry ghost
  5693 | D:5      | Entered Level 5 of the Dungeon
  5709 | D:4      | Reached skill level 1 in Poison Magic
  5747 | D:5      | Noticed a phantom
  5763 | D:5      | Noticed an ice beast
  6003 | D:5      | Reached XP level 6. HP: 44/50 MP: 10/13
  6008 | D:5      | Found a bloodstained altar of Trog.
  6018 | D:5      | Reached skill level 4 in Transmutations
  6216 | D:5      | Reached XP level 7. HP: 43/56 MP: 13/15
  6426 | D:5      | Noticed Blork the orc
  6437 | D:5      | Killed Blork the orc
  6437 | D:5      | Reached skill level 5 in Transmutations
  6797 | D:5      | Noticed Grinder
  6819 | D:5      | Killed Grinder
  7102 | D:6      | Found a glowing golden altar of the Shining One.
  7106 | D:6      | Found a runed translucent door.
  7106 | D:6      | Noticed an angel
  7207 | D:6      | Noticed Pikel
  7417 | D:6      | Found Oxeufer's Weapon Shoppe.
  7491 | D:5      | Killed Pikel
  7491 | D:5      | Reached skill level 5 in Unarmed Combat
  7491 | D:5      | Reached skill level 6 in Transmutations
  7491 | D:5      | Reached XP level 8. HP: 56/66 MP: 13/17
  8186 | D:6      | Found a bloodstained altar of Trog.
  8362 | D:7      | Found a staircase to the Ecumenical Temple.
  8778 | D:7      | Got a flickering lapis lazuli ring
  8805 | D:7      | Identified the ring "Zisoriun" {+Fly rElec rF+ EV+1 Int-2}
                  | (You found it on level 7 of the Dungeon)
  8855 | D:7      | Reached skill level 7 in Transmutations
  9206 | D:7      | Found a sparkling altar of Nemelex Xobeh.
  9323 | D:7      | Reached XP level 9. HP: 63/73 MP: 16/19
  9730 | D:8      | Noticed a two-headed ogre
  9769 | D:7      | Killed a two-headed ogre
  9769 | D:7      | Reached skill level 5 in Fighting
  9769 | D:7      | Reached skill level 5 in Spellcasting
 10272 | D:8      | Learned a level 5 spell: Blade Hands
 10277 | D:8      | Learned a level 4 spell: Ice Form
 10279 | D:8      | Learned a level 1 spell: Shock
 10536 | D:8      | Reached skill level 8 in Transmutations
 10572 | D:8      | Noticed Maurice
 10592 | D:8      | Killed Maurice
 10620 | D:8      | Noticed a two-headed ogre
 10633 | D:8      | Killed a two-headed ogre
 11223 | D:8      | Reached XP level 10. HP: 46/82 MP: 20/22
 11538 | D:8      | Noticed a two-headed ogre
 11567 | D:7      | Killed a two-headed ogre
 11567 | D:7      | Reached skill level 9 in Transmutations
 12431 | D:9      | Found a hide-covered altar of Uskayaw.
 13323 | D:9      | Found a sacrificial altar of Ru.
 13324 | D:9      | Found a burning altar of Makhleb.
 14017 | D:9      | Identified the +1 leather armour of Lugonu's Benevolence
                  | {+Blink rPois} (You found it on level 9 of the Dungeon)
 14268 | D:9      | Found a runed translucent gate.
 14269 | D:9      | Found a runed translucent gate.
 14269 | D:9      | Noticed sleeves's ghost (journeyman HuAr)
 14269 | D:9      | Identified the +6 short sword of Responsibility {pain,
                  | *Drain rPois rN+}
 14270 | D:9      | Found a runed translucent gate.
 14381 | D:10     | Entered Level 10 of the Dungeon
 14428 | D:10     | You fall through a shaft for 3 floors!
 14462 | D:12     | Noticed a death knight
 14474 | D:11     | Found an iron altar of Okawaru.
 14884 | D:12     | Noticed a brown ugly thing
 14893 | D:12     | Reached skill level 10 in Transmutations
 14905 | D:12     | Killed a brown ugly thing
 14905 | D:12     | Reached skill level 1 in Shields
 14905 | D:12     | Reached skill level 1 in Ice Magic
 15212 | D:12     | Reached XP level 11. HP: 56/92 MP: 22/25
 15219 | D:12     | Noticed a fire dragon
 15224 | D:12     | Killed from afar by an orc priest

Levels and vault maps discovered:
D:1:      lemuel_arrival_room, layout_loops_ring, minmay_tripent
D:2:      layout_rooms, grunt_qazlal_sundering, uniq_robin
D:3:      layout_rooms, old_standard_altar, minmay_randomly_rotated_circles
D:4:      layout_loops_corners, fiery_altar_vehumet, minivault_14
D:5:      layout_cave_pools, portal_sewer_entry_b, first_ration,
          trog_three_pillars_becter, uniq_blork_the_orc, uniq_grinder
D:6:      cheibrodos_two_vegetables, layout_gridville, bloody_trog,
          serial_shops, kennysheep_little_box, lemuel_angel_altar, uniq_pikel
D:7:      layout_layer_cave, old_standard_altar, minmay_temple_entry_tees
D:8:      layout_gridville, uniq_maurice
D:9:      layout_stronghold, gammafunk_temple_overflow_statue,
          gammafunk_ghost_nasty_kobolds, basic_altar, the_bakery,
          chequers_serial_rivers_micro_a
D:10:     layout_basic, tgw_xom
D:11:     layout_basic, lair_entry_dummy, orc_david_3, basic_altar,
          nicolae_ashenzari_panopticon, uniq_erica
D:12:     cheibrodos_fzero, layout_basic, serial_shops, bzr_entry_customers,
          uniq_snorg, uniq_nergalle
D:13:     layout_rooms, grunt_vaults_entry_fortified

Skill      XL: |  1  2  3  4  5  6  7  8  9 10 |
---------------+-------------------------------+-----
Fighting       | 1 2 4 5 7 |  7.0
Dodging        | 2 |  2.0
Transmutations | 2 3 4 6 7 8 10 | 10.1
Spellcasting   | 2 3 4 5 6 |  6.6
Unarmed Combat | 3 4 5 6 7 |  7.6
Poison Magic   | 1 2 |  2.0
Shields        | 1 |  1.4
Ice Magic      | 1 |  1.4

Action                   |  1- 3 |  4- 6 |  7- 9 | 10-12 || total
-------------------------+-------+-------+-------+-------++-------
Melee: Unarmed           |   133 |   287 |   326 |   271 ||  1017
       Kick              |    21 |    12 |     1 |       ||    34
       Headbutt          |    17 |    16 |       |       ||    33
       Punch             |     2 |     2 |     2 |     2 ||     8
 Cast: Beastly Appendage |    24 |    24 |     1 |       ||    49
       Sticks to Snakes  |     8 |     6 |     3 |       ||    17
       Spider Form       |       |    10 |    33 |    22 ||    65
       Blade Hands       |       |       |     2 |       ||     2
       Ice Form          |       |       |       |     3 ||     3
Evoke: Wand              |       |       |     3 |     5 ||     8
  Use: Scroll            |       |     5 |     8 |     6 ||    19
       Potion            |       |       |       |     1 ||     1
 Stab: Sleeping          |     1 |     1 |       |       ||     2
       Distracted        |     1 |       |     1 |       ||     2
       Paralysed         |       |       |     6 |       ||     6
  Eat: Chunk             |     2 |    11 |    14 |    11 ||    38
       Ration            |     1 |     1 |     1 |     1 ||     4
Armor: Robe              |    34 |    49 |    22 |     6 ||   111
       Skin              |       |    12 |    35 |    36 ||    83
Dodge: Dodged            |    95 |   236 |   231 |   235 ||   797

Table legend:
 A = Non-vault XP
 B = Vault XP
 C = Vault XP percentage of total XP
 D = Non-vault monster count
 E = Vault monster count
 F = Vault count percentage of total count
                 A         B        C        D         E       F
            +---------+---------+-------+---------+---------+-------
      Total |   11038 |    2075 |  15.8 |     212 |      40 |  15.9
            +---------+---------+-------+---------+---------+-------
        D:1 |      80 |      17 |  17.5 |      31 |       9 |  22.5
        D:2 |      63 |      22 |  25.9 |      23 |       6 |  20.7
        D:3 |      88 |      18 |  17.0 |      18 |       5 |  21.7
        D:4 |     125 |       0 |   0.0 |       6 |       0 |   0.0
        D:5 |     724 |    1010 |  58.2 |      27 |      12 |  30.8
        D:6 |     262 |      17 |   6.1 |      16 |       2 |  11.1
        D:7 |    2694 |       0 |   0.0 |      19 |       0 |   0.0
        D:8 |    2588 |     457 |  15.0 |      21 |       1 |   4.5
        D:9 |    1954 |     215 |   9.9 |      32 |       1 |   3.0
       D:10 |     559 |       0 |   0.0 |       3 |       0 |   0.0
       D:11 |     139 |      42 |  23.2 |       2 |       1 |  33.3
       D:12 |    1569 |     277 |  15.0 |      13 |       3 |  18.8
       D:13 |     193 |       0 |   0.0 |       1 |       0 |   0.0
            +---------+---------+-------+---------+---------+-------
